 Dungeon Crawl Stone Soup version 0.31-a0-210-gccc998d (webtiles) character file.

Game seed: 3175475110637029526

1430 Dawnplanks the Shield-Bearer (level 9, -5/68 HPs)
             Began as a Formicid Fighter on June 29, 2023.
             Slain by an ogre
             ... wielding a +0 giant spiked club
              (19 damage)
             ... on level 6 of the Dungeon.
             The game lasted 00:10:23 (5724 turns).

Dawnplanks the Shield-Bearer (Formicid Fighter)     Turns: 5724, Time: 00:10:24

Health: -5/68      AC: 17    Str: 20    XL:     9   Next: 3%
Magic:  9/9        EV:  9    Int: 12    God:
Gold:   297        SH:  6    Dex: 16    Spells: 8/8 levels left

rFire   . . .        a - +0 long sword
rCold   + . .        c - +0 buckler
rNeg    . . .        w - +0 chain mail
rPois   +            (helmet unavailable)
rElec   .            (no cloak)
rCorr   .            (no gloves)
SInv    +            s - +2 pair of boots
Will    .....        (no amulet) Stlth
                     m - ring of flight
HPRegen 0.31/turn    p - ring of poison resistance
MPRegen 0.11/turn

%: no passive effects
@: flying
A: permanent stasis, dig shafts and tunnels, antennae 3, four strong arms,
iridescent scales 2, clever 1, cold resistance 1
a: Dig, Shaft Self


You were on level 6 of the Dungeon.
You visited 1 branch of the dungeon, and saw 6 of its levels.

You collected 401 gold pieces.
You spent 104 gold pieces at shops.

Inventory:

Hand Weapons
 a - a +0 long sword (weapon)
 v - a +0 orcbow
Missiles
 y - a curare-tipped dart
Armour
 c - a +0 buckler (worn)
 s - a +2 pair of boots (worn)
 w - a +0 chain mail (worn)
Jewellery
 m - a ring of flight (left hand)
 n - a ring of resist corrosion
 p - a ring of poison resistance (right hand)
 x - a ring of protection from cold
Scrolls
 b - a scroll of identify
 e - 2 scrolls of revelation {unknown}
 f - a scroll of noise {unknown}
 g - 4 scrolls of amnesia {unknown}
 q - a scroll of enchant armour
 r - a scroll of blinking
 t - 2 scrolls of poison {unknown}
 u - 2 scrolls of fog {unknown}
Potions
 d - a potion of magic
 h - a potion of mutation
 i - a potion of haste {unknown}
 j - 2 potions of attraction
 k - 5 potions of curing
 l - 4 potions of heal wounds {unknown}
 o - 3 potions of brilliance {unknown}
 z - a potion of lignification {unknown}


   Skills:
 + Level 5.2 Fighting
 + Level 6.5 Long Blades
 + Level 6.6 Armour
 + Level 2.1 Dodging
 + Level 1.1 Stealth
 + Level 7.1 Shields


You had 8 spell levels left.
You didn't know any spells.
Your spell library contained the following spells:

 Spells                   Type           Power      Damage    Failure   Level
 Apportation              Tloc           0%         N/A       95%         1
 Necrotise                Necr           0%         1d4       95%         1
 Sandblast                Erth           0%         2d4       95%         1
 Slow                     Hex            0%         N/A       95%         1
 Sting                    Tmut/Pois      0%         1d3       95%         1
 Summon Small Mammal      Summ           0%         N/A       95%         1
 Passwall                 Tmut/Erth      0%         N/A       98%         2
 Poisonous Vapours        Pois/Air       0%         N/A       98%         2
 Confusing Touch          Hex            0%         N/A       100%        3
 Stone Arrow              Conj/Erth      0%         3d7       100%        3
 Vampiric Draining        Necr           0%         2d6       100%        3
 Olgreb's Toxic Radiance  Pois           0%         N/A       100%        4
 Alistair's Intoxication  Tmut/Pois      0%         N/A       100%        5


Dungeon Overview and Level Annotations

Branches:
Dungeon (6/15)             Temple (0/1) D:6

Altars:
Zin

Shops:
D:1 ?   D:2 =!*:(


Innate Abilities, Weirdness & Mutations

You cannot be hasted, slowed, berserked, paralysed or teleported.
You can dig through walls and to a lower floor.
You have a pair of large antennae on your head. (SInv)
Your four strong arms can wield two-handed weapons with a shield.
You are mostly covered in iridescent scales. (AC +4)
Your mind is acute. (Int +4, Str/Dex -1)
Your flesh is cold resistant. (rC+)


Message History

Found a stone staircase leading down.
There is an open door here.
Found a robe.
Okay, then.
(D) Dungeon
Where to? (Enter - D:5 @ (x,y), ? - help)
Okay, then.
You see here a +0 robe.
Found a club.
You sense a monster nearby.
You sense a monster nearby.
An ogre, a kobold brigand and 2 kobolds come into view.
The kobold brigand is wielding a +0 club and quivering curare-tipped darts.
Found a staircase to the Ecumenical Temple.
The ogre shouts!
The kobold brigand shouts!
The kobold shouts!
You hear a shout!
The ogre moves out of view.
The kobold moves out of view.
A kobold comes into view. It is wielding a +0 dagger.
The kobold shouts!
A scorpion comes into view.
You hit the kobold.
The kobold is moderately wounded.
The kobold hits you but does no damage.
You slash the kobold!
You kill the kobold!
You hit the ogre.
The ogre is lightly wounded.
The ogre hits you with a +0 giant spiked club!!
You barely miss the ogre.
The ogre is lightly wounded.
The ogre hits you with a +0 giant spiked club!
You hit the ogre.
The ogre is moderately wounded.
The ogre hits you with a +0 giant spiked club!
* * * LOW HITPOINT WARNING * * *
You see here a +0 robe.
Are you sure you want to shaft yourself?
You begin to dig a shaft.
You continue digging a shaft.
The ogre hits you with a +0 giant spiked club!!
You die...

.######......#
#..K.........
.............#
#######K)#.#####
######>......#
#..{..K....#
###.....#
#K##########
#.....# #K#
#.....# #[#
#.....# #s#
####'## #O# #.#
#@# #.# #.#
#.####.#
#......#
#.###### #.# ###


You could see a kobold brigand, an ogre, a scorpion and a kobold.

Vanquished Creatures
  An orc warrior (D:5)
  An ice beast (D:5)
  A sky beast (D:6)
  A centaur (D:5)
  2 phantoms
  A kobold brigand (D:6)
  2 scorpions
  5 wights
  A howler monkey (D:4)
  An orc priest (D:4)
  A hound (D:4)
  A sleepcap (D:6)
  Natasha (twice) (D:2)
  5 orc wizards (D:6)
  3 gnolls (D:6)
  5 adders
  An ufetubus (D:6)
  2 worms (D:3)
  2 dart slugs
  14 orcs
  6 bats
  7 endoplasms
  6 giant cockroaches
  9 goblins
  9 hobgoblins
  3 jackals (D:2)
  3 quokkas
  9 ball pythons
  3 frilled lizards
  11 kobolds
  8 rats
126 creatures vanquished.

Notes
Turn   | Place    | Note
-------+----------+-------------------------------------------
     0 | D:1      | Dawnplanks the Formicid Fighter began the quest for the
                  | Orb.
     0 | D:1      | Reached XP level 1. HP: 18/18 MP: 1/1
   110 | D:1      | Reached XP level 2. HP: 19/24 MP: 2/2
   170 | D:1      | Found Diash's Magic Scroll Emporium.
   258 | D:1      | Found a faded altar of an unknown god.
   824 | D:1      | Bought a scroll of identify for 24 gold pieces
   876 | D:2      | Reached XP level 3. HP: 29/29 MP: 3/3
  1167 | D:2      | Reached XP level 4. HP: 29/35 MP: 4/4
  1231 | D:2      | Noticed Natasha
  1241 | D:2      | Killed Natasha
  1242 | D:2      | Reached skill level 5 in Shields
  1299 | D:2      | Found Mygunezuwk's Book Shoppe.
  1312 | D:2      | Found Uskoxudwa's Jewellery Shoppe.
  1314 | D:2      | Found Uzaulo's General Store.
  1345 | D:2      | Bought a potion of mutation for 80 gold pieces
  1345 | D:2      | Gained mutation: You are partially covered in iridescent
                  | scales. (AC +2) [potion of mutation]
  1345 | D:2      | Gained mutation: You are mostly covered in iridescent
                  | scales. (AC +4) [potion of mutation]
  1345 | D:2      | Gained mutation: Your mind is acute. (Int +4, Str/Dex -1)
                  | [potion of mutation]
  1345 | D:2      | Gained mutation: Your flesh is cold resistant. (rC+)
                  | [potion of mutation]
  1479 | D:2      | Noticed Natasha
  1484 | D:2      | Killed Natasha
  1485 | D:2      | Reached XP level 5. HP: 41/41 MP: 5/5
  1586 | D:2      | Found Ojovip's Weapon Boutique.
  1690 | D:2      | Found Juig's Distillery.
  2031 | D:3      | Noticed a phantom
  2052 | D:3      | Killed a phantom
  2053 | D:3      | Reached XP level 6. HP: 36/48 MP: 6/6
  2634 | D:3      | Found a glowing silver altar of Zin.
  3040 | D:4      | Reached skill level 5 in Armour
  3122 | D:4      | Reached skill level 1 in Dodging
  3122 | D:4      | Reached XP level 7. HP: 49/54 MP: 7/7
  3125 | D:4      | Reached skill level 6 in Shields
  3551 | D:5      | Entered Level 5 of the Dungeon
  3607 | D:5      | Reached skill level 5 in Long Blades
  4440 | D:5      | Reached XP level 8. HP: 48/60 MP: 8/8
  4501 | D:5      | Reached skill level 1 in Stealth
  5323 | D:6      | Reached skill level 7 in Shields
  5343 | D:6      | Reached skill level 5 in Fighting
  5502 | D:6      | Reached XP level 9. HP: 34/68 MP: 9/9
  5701 | D:6      | Found a staircase to the Ecumenical Temple.
  5724 | D:6      | Slain by an ogre

Illustrated notes

Levels and vault maps discovered:
D:1:      zaba_arrival_water, layout_loops_ring, serial_shops, shop,
          nicolae_ecumenical_snake_handling
D:2:      layout_loops_corners, serial_shops, shop,
          nicolae_shop_just_a_little_nook, nicolae_shop_tiny_real_fake_doors,
          nicolae_shop_statue_plus, nicolae_shop_gibbet_a_chance, uniq_natasha
D:3:      minmay_recursive_quarters, layout_basic,
          nicolae_overflow_crystal_walls
D:4:      layout_basic
D:5:      layout_basic
D:6:      layout_basic, gammafunk_temple_overflow_wave,
          minmay_temple_entry_stoned_glass, minmay_misc_feat_roman

Skill      XL: |  1  2  3  4  5  6  7  8 |
---------------+-------------------------+-----
Armour         | 4 5 6 |  6.6
Shields        | 5 6 7 |  7.1
Long Blades    | 3 4 5 6 |  6.5
Fighting       | 4 5 |  5.2
Dodging        | 1 2 |  2.1
Stealth        | 1 |  1.1

Action                     |  1- 3 |  4- 6 |  7- 9 || total
---------------------------+-------+-------+-------++-------
  Melee: Long sword        |    83 |   183 |   268 ||   534
Ability: Shaft Self        |       |       |     1 ||     1
    Use: Scroll            |     3 |     2 |     1 ||     6
         Potion            |       |     2 |       ||     2
 Armour: Scale mail        |    43 |   102 |    49 ||   194
         Chain mail        |       |       |   128 ||   128
  Dodge: Dodged            |    38 |    82 |   121 ||   241
  Block: Buckler           |    18 |    59 |    72 ||   149

Table legend: (Time is in decaauts)
 A = Elapsed time spent in this place.
 B = Non-inter-level travel time spent in this place.
 C = Inter-level travel time spent in this place.
 D = Time resting spent in this place.
 E = Time spent auto-exploring this place.
 F = Levels seen in this place.
 G = Mean time per level.
                   A        B        C        D        E       F      G
               +--------+--------+--------+--------+--------+-----+--------+
         Total |   5843 |   5660 |    183 |    322 |   4130 |   6 |  973.8 |
       Dungeon |   5843 |   5660 |    183 |    322 |   4130 |   6 |  973.8 |
               +--------+--------+--------+--------+--------+-----+--------+

Top non-repeatable levels by time:
     D:5: 1317 daAuts
     D:3: 1045 daAuts
     D:2: 975 daAuts
     D:6: 893 daAuts
     D:1: 857 daAuts
     D:4: 754 daAuts
